AoeStats
← 小虾米

Arena

510445182Analyzed
4v4 RM · 10h ago on Oct 1, 2026· 30m 22s· 8 players
Game mode
Random Map
Map size
Large (8 player)
Population
200
Speed
Normal
Resources
Standard
Victory
Conquest
Starting age
Dark Age
Ending age
Imperial Age
RankedLock teamsTeams togetherTeam positionsShared explorationLock speedFull tech treeHidden civsTurbo modeCheats
Victory
Defeat
🇨🇱 Huns · Chile
1259
+9
🇨🇱 Portuguese · Chile
1169
+13
🇨🇱 Varangians · Chile
1163
+13
🇨🇱 Cumans · Chile
1085
+16
🇺🇸 Khmer · United States
1134
-14
🇨🇳 Magyars · China
1126
-14
🇨🇴 Danes · Colombia
1094
-13
🇺🇸 Romans · United States
1038
-10
Arthedain
12:31 Feudal Age
12:58 Double-Bit Axe
13:50 Gold Mining
16:27 Castle Age
14:13 Horse Collar
14:41 Loom
18:23 Fletching
19:10 Bodkin Arrow
20:46 Ballistics
21:49 Masonry
24:44 Scale Mail Armor
27:17 Forging
29:15 Chain Mail Armor
小虾米
0:28 Loom
12:25 Feudal Age
12:55 Double-Bit Axe
17:23 Castle Age
15:55 Horse Collar
17:50 Wheelbarrow
18:41 Bow Saw
18:33 Heavy Plow
20:07 Hand Cart
20:20 Stone Mining
20:21 Gold Mining
24:56 Gold Shaft Mining
25:25 Squires
26:14 Murder Holes
帝国小菜鸡
11:30 Feudal Age
14:26 Castle Age
12:34 Double-Bit Axe
12:31 Horse Collar
16:09 Bow Saw
21:02 Wheelbarrow
八十万禁军教头
1:26 Loom
10:02 Feudal Age
14:19 Wheelbarrow
15:53 Castle Age
14:21 Double-Bit Axe
14:24 Horse Collar
17:45 Bow Saw
24:59 Wheelbarrow
25:40 Heavy Plow
27:34 Bloodlines
27:24 Husbandry
27:34 Bloodlines
29:31 Fletching
29:41 Padded Archer Armor
29:32 Fletching
29:42 Padded Archer Armor
JP Charly
11:32 Feudal Age
13:01 Double-Bit Axe
16:01 Castle Age
17:18 Bow Saw
19:08 Wheelbarrow
18:50 Horse Collar
22:03 Heavy Plow
27:29 Imperial Age
25:29 Hand Cart
25:56 Gold Mining
26:13 Scale Barding Armor
26:18 Forging
25:56 Loom
27:26 Chain Barding Armor
27:30 Marauders
28:13 Husbandry
28:24 Bloodlines
28:19 Elite Tarkan
31:01 Plate Barding Armor
31:02 Iron Casting
PACS ._.
11:59 Feudal Age
16:19 Castle Age
16:07 Scale Mail Armor
23:32 Forging
28:05 Iron Casting
Mauroko
11:51 Feudal Age
15:38 Castle Age
17:37 Capped Ram
MigueMigue
11:26 Feudal Age
16:13 Castle Age
14:21 Loom
15:47 Double-Bit Axe
15:55 Gold Mining
15:49 Horse Collar
29:00 Imperial Age
31:32 Chemistry
Connection lost

Rejoining the realm…

Still unreachable

The connection could not be restored.

Session expired

The server has moved on; the page needs a fresh start.